Blackhawks vs Predators

Created - 16 octobre 2023 at 21:00

Goals
1 2 3 T
Blackhawks 1 0 0 1
Predators 0 1 2 3
Shots
1 2 3 T
Blackhawks 6 11 11 28
Predators 14 5 18 37

GoalsPenalties
1st period
1. Blackhawks , Noah Hanifin 2 (Ivan Barbashev 6, Alex Tuch 8) at 3:08 (PP)
Phil Kessel (NAS) for Holding (Minor) at 2:33
Mason McTavish (NAS) for Fighting (Major) at 5:49
Nikita Kucherov (CHI) for Fighting (Major) at 5:49
Ivan Barbashev (CHI) for Roughing (Double Minor) at 7:37
Noah Hanifin (CHI) for Goalie Interference (Minor) at 14:32
2nd period
2. Predators , Blake Lizotte 9 (Andrew Cogliano 3, Phil Kessel 5) at 5:45
Cal Foote (NAS) for Holding (Minor) at 7:32
Mason McTavish (NAS) for Fighting (Major) at 11:27
Ivan Barbashev (CHI) for Fighting (Major) at 11:27
Cal Foote (NAS) for Tripping (Minor) at 13:56
Keegan Kolesar (NAS) for Tripping (Minor) at 18:48
3rd period
3. Predators , Blake Lizotte 10 (Phil Kessel 6) at 3:07
4. Predators , Trevor Zegras 8 (Corey Perry 8, Mason McTavish 5) at 8:52
No Penalty
Goalie Stats
Jacob Markstrom (CHI), 34 saves from 37 shots - (0,919), L, 8-6-0, 60:00 minutes
Semyon Varlamov (NAS), 27 saves from 28 shots - (0,964), W, 10-5-1, 60:00 minutes
3 StarsOfficial
1 - Blake Lizotte (NAS)
2 - Semyon Varlamov (NAS)
3 - Trevor Zegras (NAS)
Referees : Ghislain Hebert and Beaudry Halkidis
Linesman : Lisa Linnek and Justine Todd
Game Note
Mason McTavish and Nikita Kucherov fight to a draw at 5:49 of 1st period
Mason McTavish and Ivan Barbashev fight to a draw at 11:27 of 2nd period
Finance
Level 1 -- Attendance: 4145 (69%) -- Ticket Income $414,500
Level 2 -- Attendance: 3538 (71%) -- Ticket Income $212,280
Level 3 -- Attendance: 2674 (86%) -- Ticket Income $93,590
Level 4 -- Attendance: 2890 (72%) -- Ticket Income $57,800
Luxury Box -- Attendance: 962 (96%) -- Ticket Income $192,400
Game was played at the Gaylord Ent. Center.
Total Attendance: 14209 (74%)
Total Ticket Income: $970,570
Other Income: $291,171
Total Income: $1,261,741



Team Name Goals Shots Shots Attemp Shots Blocked PIM HIT PP PK FO%
Blackhawks 128611116211 / 4 (25%)049%
Predators 337671718250 / 3 (0%)151%

Blackhawks
Player Name POS G A P +/- PIM HIT SHT SB MP PP MP PP SHT PK MP PK SHT FO% FOT GA TA
Alex TuchLW/RW011-2011120:083:0802:5000% 000
Alexandre CarrierD0000000110:390:0000:1700% 000
Brett PesceD000-2021126:354:3813:3900% 003
Carson SoucyD0000000315:101:5402:5500% 000
Cole SillingerC000000005:120:0000:0000% 000
Erik CernakD000-1020019:550:0001:0400% 000
Gabriel VilardiC/RW0000011012:270:0001:20070% 1010
Ivan BarbashevC/LW011-2906015:312:0900:0000% 001
Jack EichelC000-2002019:053:0802:02043% 2110
John MarinoD000-1010022:461:5402:0200% 022
Klim KostinLW/RW000003105:120:0000:000100% 100
Miles WoodLW000000105:560:0500:3900% 000
Nathan MacKinnonC000-1004022:553:2412:36047% 3420
Nicolas DeslauriersLW/RW0000031113:510:5401:0300% 010
Nikita KucherovRW000-1553021:063:2411:28033% 330
Noah HanifinD101-2212224:554:3811:5900% 021
Tanner JeannotLW/RW0000013112:190:0000:0000% 010
Valeri NichushkinLW/RW000-1012120:183:2400:0000% 010
Predators
Player Name POS G A P +/- PIM HIT SHT SB MP PP MP PP SHT PK MP PK SHT FO% FOT GA TA
Adam BoqvistD0001011013:412:1101:2800% 011
Adam ErneLW/RW0000003014:381:3801:5900% 100
Andrew CoglianoLW0112011119:052:0404:180100% 221
Blake LizotteC2022034117:522:0602:05068% 1910
Cal FooteD0001410111:360:2100:1900% 000
Corey PerryRW0111023018:141:5700:000100% 101
Erik GustafssonD0002011219:383:2610:0000% 011
Jesper BoqvistC/LW/RW000001209:320:5800:150100% 100
Keegan KolesarRW0000216011:140:5900:0000% 100
Luke GlendeningC/LW/RW0000013314:040:0004:12038% 1301
Marc-Edouard VlasicD0002020123:262:1101:4700% 003
Mason McTavishC/LW01111021115:531:5400:0000% 200
Nicolas HagueD0000011129:013:2614:4500% 002
Pat MaroonLW/RW000002208:340:0000:1500% 001
Phil KesselRW0222225016:292:5910:0000% 200
Timothy LiljegrenD0000021423:120:2104:4500% 023
Trevor ZegrasC/LW1011023119:582:5900:00042% 2400
Ty DellandreaC/RW000000017:150:2000:000100% 300

Blackhawks

5 vs 5 Forward
Line #Left WingCenterRight WingPHYDFOFWanted %Time %Time Play
1Valeri NichushkinNathan MacKinnonNikita Kucherov1134037%17:22
2Ivan BarbashevJack EichelAlex Tuch1133529%13:49
3Nicolas DeslauriersGabriel VilardiTanner Jeannot1222023%11:07
4Miles WoodCole SillingerKlim Kostin122511%5:12
5 vs 5 Defense
Line #DefenseDefensePHYDFOFWanted %Time %Time Play
1Noah HanifinBrett Pesce0324039%18:18
2John MarinoErik Cernak0324041%19:33
3Carson SoucyAlexandre Carrier0322020%9:39
4Noah HanifinBrett Pesce03200%0:00
Power Play Forward
Line #Left WingCenterRight WingPHYDFOFWanted %Time %Time Play
1Valeri NichushkinNathan MacKinnonNikita Kucherov0146052%3:24
2Ivan BarbashevJack EichelAlex Tuch0144048%3:08
Power Play Defense
Line #DefenseDefensePHYDFOFWanted %Time %Time Play
1Noah HanifinBrett Pesce1226071%4:38
2John MarinoCarson Soucy1224029%1:54
Penalty Kill 4 Players Forward
Line #CenterWingPHYDFOFWanted %Time %Time Play
1Nathan MacKinnonNikita Kucherov0326072%4:19
2Jack EichelAlex Tuch0324028%1:39
Penalty Kill 4 Players Defense
Line #DefenseDefensePHYDFOFWanted %Time %Time Play
1Noah HanifinBrett Pesce1406061%3:39
2John MarinoCarson Soucy1404039%2:19
Penalty Kill 3 Players
Line #WingPHYDFOFWanted %Time %Time PlayDefenseDefensePHYDFOFWanted %Time %Time Play
1Nathan MacKinnon032600%0:00 Noah HanifinBrett Pesce140600%0:00
2Jack Eichel032400%0:00 John MarinoCarson Soucy140400%0:00
4 vs 4 Forward
Line #CenterWingPHYDFOFWanted %Time %Time Play
1Nathan MacKinnonNikita Kucherov032600%0:00
2Jack EichelAlex Tuch032400%0:00
4 vs 4 Defense
Line #DefensePHYDFOFWanted %Time %Time Play
1Noah HanifinBrett Pesce032600%0:00
2John MarinoCarson Soucy032400%0:00
Last Minutes Offensive
Left WingCenterRight WingDefenseDefense
Alex TuchNathan MacKinnonNikita KucherovNoah HanifinBrett Pesce
Last Minutes Defensive
Left WingCenterRight WingDefenseDefense
Alex TuchNathan MacKinnonNikita KucherovNoah HanifinBrett Pesce
Time
Total ForwardTotal DefenseLast Minutes OffensiveLast Minutes Defensive
60:00 60:00 0:000:00
Extra Forwards
Normal PowerPlayPenalty Kill
Ivan Barbashev, Jack Eichel, Tanner JeannotIvan Barbashev, Jack EichelIvan Barbashev
Extra Defensemen
Normal PowerPlayPenalty Kill
Carson Soucy, Erik Cernak, Alexandre CarrierCarson Soucy, Carson SoucyErik Cernak
Penalty Shots
Nathan MacKinnon, Nikita Kucherov, Alex Tuch, Valeri Nichushkin, Ivan Barbashev
Goalie
Jacob Markstrom, Jake Allen
Scratches
Jordan Harris (Healthy)

Predators

5 vs 5 Forward
Line #Left WingCenterRight WingPHYDFOFWanted %Time %Time Play
1Mason McTavishTrevor ZegrasCorey Perry1224038%18:00
2Andrew CoglianoBlake LizottePhil Kessel1223027%12:43
3Adam ErneLuke GlendeningKeegan Kolesar1222021%9:52
4Pat MaroonTy DellandreaJesper Boqvist0231015%6:55
5 vs 5 Defense
Line #DefenseDefensePHYDFOFWanted %Time %Time Play
1Timothy LiljegrenNicolas Hague1314039%18:32
2Marc-Edouard VlasicErik Gustafsson1313036%17:09
3Adam BoqvistCal Foote1311519%9:03
4Marc-Edouard VlasicNicolas Hague131156%2:46
Power Play Forward
Line #Left WingCenterRight WingPHYDFOFWanted %Time %Time Play
1Mason McTavishTrevor ZegrasPhil Kessel1137571%4:15
2Andrew CoglianoBlake LizotteCorey Perry1132529%1:43
Power Play Defense
Line #DefenseDefensePHYDFOFWanted %Time %Time Play
1Erik GustafssonNicolas Hague1137575%4:27
2Marc-Edouard VlasicAdam Boqvist1132525%1:31
Penalty Kill 4 Players Forward
Line #CenterWingPHYDFOFWanted %Time %Time Play
1Luke GlendeningAndrew Cogliano23075100%6:32
2Blake LizotteKeegan Kolesar230250%0:00
Penalty Kill 4 Players Defense
Line #DefenseDefensePHYDFOFWanted %Time %Time Play
1Timothy LiljegrenNicolas Hague2307573%4:45
2Marc-Edouard VlasicCal Foote2302527%1:47
Penalty Kill 3 Players
Line #WingPHYDFOFWanted %Time %Time PlayDefenseDefensePHYDFOFWanted %Time %Time Play
1Luke Glendening140600%0:00 Timothy LiljegrenNicolas Hague140600%0:00
2Blake Lizotte140400%0:00 Marc-Edouard VlasicCal Foote140400%0:00
4 vs 4 Forward
Line #CenterWingPHYDFOFWanted %Time %Time Play
1Trevor ZegrasPhil Kessel122500%0:00
2Blake LizotteAndrew Cogliano122500%0:00
4 vs 4 Defense
Line #DefensePHYDFOFWanted %Time %Time Play
1Erik GustafssonNicolas Hague122500%0:00
2Marc-Edouard VlasicTimothy Liljegren122500%0:00
Last Minutes Offensive
Left WingCenterRight WingDefenseDefense
Corey PerryTrevor ZegrasPhil KesselErik GustafssonAdam Boqvist
Last Minutes Defensive
Left WingCenterRight WingDefenseDefense
Blake LizotteLuke GlendeningKeegan KolesarTimothy LiljegrenNicolas Hague
Time
Total ForwardTotal DefenseLast Minutes OffensiveLast Minutes Defensive
60:00 60:00 0:000:00
Extra Forwards
Normal PowerPlayPenalty Kill
Blake Lizotte, Trevor Zegras, Phil KesselPhil Kessel, Trevor ZegrasLuke Glendening
Extra Defensemen
Normal PowerPlayPenalty Kill
Nicolas Hague, Timothy Liljegren, Marc-Edouard VlasicErik Gustafsson, Nicolas HagueTimothy Liljegren
Penalty Shots
Trevor Zegras, Blake Lizotte, Phil Kessel, Corey Perry, Andrew Cogliano
Goalie
Semyon Varlamov, Jaroslav Halak
Scratches
Anthony Duclair (Healthy), Cole Caufield (Back Injury)


Play-by-Play

1st period


0:01 of 1st period - Nathan MacKinnon wins face-off versus Trevor Zegras in neutral zone.
0:12 of 1st period - Snap shot by Nikita Kucherov.
0:12 of 1st period - Shot Blocked by Timothy Liljegren.
0:14 of 1st period - Snap shot by Nathan MacKinnon.
0:14 of 1st period - Stopped by Semyon Varlamov without a rebound.
0:15 of 1st period - Blake Lizotte wins face-off versus Jack Eichel in Predators zone.
0:42 of 1st period - Luke Glendening is hit by Gabriel Vilardi.
0:43 of 1st period - Icing by Luke Glendening.
0:44 of 1st period - Gabriel Vilardi wins face-off versus Luke Glendening in Predators zone.
0:49 of 1st period - Snap shot by Gabriel Vilardi.
0:49 of 1st period - Shot Misses the Net.
1:37 of 1st period - Snap shot by Adam Erne.
1:37 of 1st period - Shot Misses the Net.
1:39 of 1st period - Snap shot by Luke Glendening.
1:39 of 1st period - Stopped by Jacob Markstrom with a rebound.
1:41 of 1st period - Snap shot by Luke Glendening.
1:41 of 1st period - Shot Blocked by Carson Soucy.
1:43 of 1st period - Snap shot by Adam Erne.
1:43 of 1st period - Stopped by Jacob Markstrom with a rebound.
1:45 of 1st period - Snap shot by Luke Glendening.
1:45 of 1st period - Stopped by Jacob Markstrom with a rebound.
1:47 of 1st period - Slapshot by Erik Gustafsson.
1:47 of 1st period - Shot Blocked by Tanner Jeannot.
1:49 of 1st period - Slapshot by Keegan Kolesar.
1:49 of 1st period - Stopped by Jacob Markstrom without a rebound.
1:50 of 1st period - Trevor Zegras wins face-off versus Nathan MacKinnon in Blackhawks zone.
2:16 of 1st period - Ivan Barbashev is hit by Phil Kessel and loses puck.
2:33 of 1st period - Minor Penalty to Phil Kessel for Holding.
2:34 of 1st period - Luke Glendening wins face-off versus Nikita Kucherov in Predators zone.
3:08 of 1st period - Backhand shot by Noah Hanifin.
3:08 of 1st period - Goal by Noah Hanifin - Blackhawks : 1 - Predators : 0.
3:09 of 1st period - Nikita Kucherov wins face-off versus Trevor Zegras in neutral zone.
3:30 of 1st period - Adam Boqvist is hit by Nikita Kucherov.
3:40 of 1st period - Off-side.
3:41 of 1st period - Blake Lizotte wins face-off versus Jack Eichel in neutral zone.
4:40 of 1st period - Wrist shot by Mason McTavish.
4:40 of 1st period - Stopped by Jacob Markstrom without a rebound.
4:41 of 1st period - Blake Lizotte wins face-off versus Jack Eichel in Blackhawks zone.
5:19 of 1st period - Icing by John Marino.
5:20 of 1st period - Jack Eichel wins face-off versus Trevor Zegras in Blackhawks zone.
5:26 of 1st period - Off-side.
5:27 of 1st period - Trevor Zegras wins face-off versus Nathan MacKinnon in neutral zone.
5:39 of 1st period - Icing by Nathan MacKinnon.
5:40 of 1st period - Trevor Zegras wins face-off versus Nathan MacKinnon in Blackhawks zone.
5:49 of 1st period - Mason McTavish and Nikita Kucherov fight to a draw.
5:49 of 1st period - Penalty to Mason McTavish for Fighting.
5:49 of 1st period - Penalty to Nikita Kucherov for Fighting.
5:50 of 1st period - Blake Lizotte wins face-off versus Nathan MacKinnon in neutral zone.
5:57 of 1st period - Snap shot by Trevor Zegras.
5:57 of 1st period - Stopped by Jacob Markstrom with a rebound.
6:24 of 1st period - Slapshot by Gabriel Vilardi.
6:24 of 1st period - Shot Misses the Net.
6:26 of 1st period - Wrist shot by Tanner Jeannot.
6:26 of 1st period - Shot Misses the Net.
6:48 of 1st period - Slapshot by Keegan Kolesar.
6:48 of 1st period - Stopped by Jacob Markstrom without a rebound.
6:49 of 1st period - Jack Eichel wins face-off versus Luke Glendening in Blackhawks zone.
7:02 of 1st period - Slapshot by Ivan Barbashev.
7:02 of 1st period - Stopped by Semyon Varlamov with a rebound.
7:04 of 1st period - Slapshot by Alexandre Carrier.
7:04 of 1st period - Shot Blocked by Luke Glendening.
7:06 of 1st period - Snap shot by Ivan Barbashev.
7:06 of 1st period - Shot Misses the Net.
7:25 of 1st period - Snap shot by Luke Glendening.
7:25 of 1st period - Shot Misses the Net.
7:27 of 1st period - Slapshot by Keegan Kolesar.
7:27 of 1st period - Stopped by Jacob Markstrom without a rebound.
7:28 of 1st period - Blake Lizotte wins face-off versus Nathan MacKinnon in Blackhawks zone.
7:35 of 1st period - Snap shot by Andrew Cogliano.
7:35 of 1st period - Stopped by Jacob Markstrom with a rebound.
7:37 of 1st period - Double Minor Penalty to Ivan Barbashev for Roughing.
7:38 of 1st period - Nathan MacKinnon wins face-off versus Trevor Zegras in Blackhawks zone.
7:49 of 1st period - Snap shot by Nicolas Hague.
7:49 of 1st period - Stopped by Jacob Markstrom without a rebound.
7:50 of 1st period - Trevor Zegras wins face-off versus Nathan MacKinnon in Blackhawks zone.
9:15 of 1st period - Gabriel Vilardi is hit by Andrew Cogliano and loses puck.
10:22 of 1st period - Jack Eichel is hit by Marc-Edouard Vlasic and loses puck.
10:49 of 1st period - Penalty to Nikita Kucherov is over, Nikita Kucherov is back on ice.
11:29 of 1st period - Carson Soucy is hit by Mason McTavish and loses puck.
11:37 of 1st period - Penalty to Ivan Barbashev is over, Ivan Barbashev is back on ice.
12:26 of 1st period - Adam Boqvist is hit by Erik Cernak and loses puck.
12:37 of 1st period - Erik Cernak is hit by Luke Glendening and loses puck.
12:53 of 1st period - Jesper Boqvist is hit by Nikita Kucherov and loses puck.
13:14 of 1st period - Mason McTavish is hit by Klim Kostin and loses puck.
14:08 of 1st period - Snap shot by Ivan Barbashev.
14:08 of 1st period - Stopped by Semyon Varlamov with a rebound.
14:10 of 1st period - Wrist shot by Jack Eichel.
14:10 of 1st period - Shot Misses the Net.
14:12 of 1st period - Snap shot by Alex Tuch.
14:12 of 1st period - Deflect By Jack Eichel.
14:12 of 1st period - Stopped by Semyon Varlamov without a rebound.
14:13 of 1st period - Ty Dellandrea wins face-off versus Jack Eichel in Predators zone.
14:20 of 1st period - Slapshot by Jesper Boqvist.
14:20 of 1st period - Stopped by Jacob Markstrom with a rebound.
14:32 of 1st period - Minor Penalty to Noah Hanifin for Goalie Interference.
14:33 of 1st period - Nathan MacKinnon wins face-off versus Phil Kessel in Blackhawks zone.
14:44 of 1st period - Backhand shot by Phil Kessel.
14:44 of 1st period - Stopped by Jacob Markstrom with a rebound.
14:46 of 1st period - Slapshot by Erik Gustafsson.
14:46 of 1st period - Stopped by Jacob Markstrom without a rebound.
14:47 of 1st period - Jack Eichel wins face-off versus Trevor Zegras in Blackhawks zone.
15:19 of 1st period - Off-side.
15:20 of 1st period - Jack Eichel wins face-off versus Trevor Zegras in neutral zone.
15:23 of 1st period - Trevor Zegras is hit by Brett Pesce and loses puck.
15:38 of 1st period - Alex Tuch is hit by Erik Gustafsson and loses puck.
15:57 of 1st period - Wrist shot by Blake Lizotte.
15:57 of 1st period - Shot Misses the Net.
15:59 of 1st period - Snap shot by Nicolas Hague.
15:59 of 1st period - Shot Misses the Net.
16:29 of 1st period - Carson Soucy is hit by Blake Lizotte.
16:32 of 1st period - Penalty to Noah Hanifin is over, Noah Hanifin is back on ice.
16:38 of 1st period - Off-side.
16:39 of 1st period - Gabriel Vilardi wins face-off versus Luke Glendening in neutral zone.
16:48 of 1st period - Nicolas Deslauriers is hit by Keegan Kolesar and loses puck.
17:52 of 1st period - Snap shot by Ivan Barbashev.
17:52 of 1st period - Stopped by Semyon Varlamov without a rebound.
17:53 of 1st period - Nathan MacKinnon wins face-off versus Trevor Zegras in Predators zone.
18:50 of 1st period - Slapshot by Nicolas Hague.
18:50 of 1st period - Shot Misses the Net.
18:52 of 1st period - Slapshot by Erik Gustafsson.
18:52 of 1st period - Shot Blocked by Nicolas Deslauriers.
19:02 of 1st period - Erik Gustafsson is hit by Valeri Nichushkin.
19:05 of 1st period - Off-side.
19:06 of 1st period - Jesper Boqvist wins face-off versus Nathan MacKinnon in neutral zone.
19:13 of 1st period - Wrist shot by Jesper Boqvist.
19:13 of 1st period - Shot Misses the Net.
19:15 of 1st period - Snap shot by Pat Maroon.
19:15 of 1st period - Shot Blocked by Carson Soucy.
19:17 of 1st period - Snap shot by Timothy Liljegren.
19:17 of 1st period - Shot Misses the Net.
19:19 of 1st period - Snap shot by Jesper Boqvist.
19:19 of 1st period - Stopped by Jacob Markstrom without a rebound.
19:20 of 1st period - Nathan MacKinnon wins face-off versus Trevor Zegras in Blackhawks zone.
19:20 of 1st period - Nathan MacKinnon is hit by Trevor Zegras.
19:59 of 1st period - Wrist shot by Corey Perry.
19:59 of 1st period - Deflect By Trevor Zegras.
19:59 of 1st period - Shot Blocked by Brett Pesce.
19:59 of 1st period - Puck is out of play.
Goals for this period are 1 for Blackhawks vs 0 for Predators.
Shots for this period are 6 for Blackhawks vs 14 for Predators.

2nd period


0:01 of 2nd period - Nathan MacKinnon wins face-off versus Trevor Zegras in neutral zone.
0:23 of 2nd period - Icing by Valeri Nichushkin.
0:24 of 2nd period - Nathan MacKinnon wins face-off versus Blake Lizotte in Blackhawks zone.
1:39 of 2nd period - Snap shot by Miles Wood.
1:39 of 2nd period - Shot Blocked by Nicolas Hague.
1:41 of 2nd period - Snap shot by Noah Hanifin.
1:41 of 2nd period - Stopped by Semyon Varlamov with a rebound.
1:43 of 2nd period - Snap shot by Cole Sillinger.
1:43 of 2nd period - Shot Misses the Net.
1:45 of 2nd period - Slapshot by Brett Pesce.
1:45 of 2nd period - Deflect By Klim Kostin.
1:45 of 2nd period - Stopped by Semyon Varlamov with a rebound.
2:59 of 2nd period - Keegan Kolesar is hit by Alex Tuch.
3:21 of 2nd period - Wrist shot by Blake Lizotte.
3:21 of 2nd period - Shot Misses the Net.
3:23 of 2nd period - Slapshot by Adam Boqvist.
3:23 of 2nd period - Stopped by Jacob Markstrom without a rebound.
3:24 of 2nd period - Klim Kostin wins face-off versus Trevor Zegras in Blackhawks zone.
3:31 of 2nd period - Wrist shot by Miles Wood.
3:31 of 2nd period - Shot Misses the Net.
3:33 of 2nd period - Snap shot by Miles Wood.
3:33 of 2nd period - Stopped by Semyon Varlamov with a rebound.
3:35 of 2nd period - Slapshot by Noah Hanifin.
3:35 of 2nd period - Deflect By Klim Kostin.
3:35 of 2nd period - Shot Misses the Net.
3:35 of 2nd period - Puck is out of play.
3:36 of 2nd period - Nathan MacKinnon wins face-off versus Trevor Zegras in Predators zone.
4:15 of 2nd period - Slapshot by Erik Gustafsson.
4:15 of 2nd period - Shot Blocked by Noah Hanifin.
4:52 of 2nd period - Snap shot by Miles Wood.
4:52 of 2nd period - Shot Misses the Net.
5:18 of 2nd period - Slapshot by Nikita Kucherov.
5:18 of 2nd period - Stopped by Semyon Varlamov with a rebound.
5:26 of 2nd period - Noah Hanifin is hit by Trevor Zegras and loses puck.
5:45 of 2nd period - Wrist shot by Blake Lizotte.
5:45 of 2nd period - Goal by Blake Lizotte - Blackhawks : 1 - Predators : 1.
5:46 of 2nd period - Trevor Zegras wins face-off versus Nathan MacKinnon in neutral zone.
6:06 of 2nd period - Nathan MacKinnon is hit by Corey Perry and loses puck.
6:25 of 2nd period - Phil Kessel is hit by John Marino and loses puck.
6:30 of 2nd period - Wrist shot by Alex Tuch.
6:30 of 2nd period - Deflect By Ivan Barbashev.
6:30 of 2nd period - Shot Blocked by Cal Foote.
6:30 of 2nd period - Puck is out of play.
6:31 of 2nd period - Gabriel Vilardi wins face-off versus Luke Glendening in Predators zone.
6:40 of 2nd period - Slapshot by Keegan Kolesar.
6:40 of 2nd period - Shot Blocked by Alexandre Carrier.
6:42 of 2nd period - Snap shot by Keegan Kolesar.
6:42 of 2nd period - Stopped by Jacob Markstrom without a rebound.
6:43 of 2nd period - Nathan MacKinnon wins face-off versus Trevor Zegras in Blackhawks zone.
6:43 of 2nd period - Nathan MacKinnon is hit by Mason McTavish.
6:46 of 2nd period - John Marino is hit by Corey Perry and loses puck.
7:09 of 2nd period - Slapshot by Tanner Jeannot.
7:09 of 2nd period - Shot Blocked by Marc-Edouard Vlasic.
7:11 of 2nd period - Wrist shot by Gabriel Vilardi.
7:11 of 2nd period - Shot Blocked by Trevor Zegras.
7:13 of 2nd period - Slapshot by Nicolas Deslauriers.
7:13 of 2nd period - Stopped by Semyon Varlamov with a rebound.
7:15 of 2nd period - Wrist shot by Nicolas Deslauriers.
7:15 of 2nd period - Deflect By Tanner Jeannot.
7:15 of 2nd period - Shot Blocked by Mason McTavish.
7:15 of 2nd period - Puck is out of play.
7:16 of 2nd period - Gabriel Vilardi wins face-off versus Blake Lizotte in Predators zone.
7:32 of 2nd period - Minor Penalty to Cal Foote for Holding.
7:33 of 2nd period - Nathan MacKinnon wins face-off versus Luke Glendening in Predators zone.
9:32 of 2nd period - Penalty to Cal Foote is over, Cal Foote is back on ice.
9:37 of 2nd period - Nicolas Hague is hit by Nicolas Deslauriers and loses puck.
9:55 of 2nd period - Nicolas Deslauriers is hit by Pat Maroon and loses puck.
10:06 of 2nd period - Erik Gustafsson is hit by Nicolas Deslauriers and loses puck.
10:39 of 2nd period - Trevor Zegras is hit by Noah Hanifin and loses puck.
10:44 of 2nd period - Snap shot by Gabriel Vilardi.
10:44 of 2nd period - Stopped by Semyon Varlamov without a rebound.
10:45 of 2nd period - Blake Lizotte wins face-off versus Jack Eichel in Predators zone.
11:18 of 2nd period - Slapshot by Marc-Edouard Vlasic.
11:18 of 2nd period - Shot Blocked by Valeri Nichushkin.
11:20 of 2nd period - Slapshot by Keegan Kolesar.
11:20 of 2nd period - Stopped by Jacob Markstrom without a rebound.
11:21 of 2nd period - Trevor Zegras wins face-off versus Jack Eichel in Blackhawks zone.
11:27 of 2nd period - Mason McTavish and Ivan Barbashev fight to a draw.
11:27 of 2nd period - Penalty to Mason McTavish for Fighting.
11:27 of 2nd period - Penalty to Ivan Barbashev for Fighting.
11:28 of 2nd period - Blake Lizotte wins face-off versus Nathan MacKinnon in Blackhawks zone.
12:34 of 2nd period - Wrist shot by Corey Perry.
12:34 of 2nd period - Stopped by Jacob Markstrom without a rebound.
12:35 of 2nd period - Blake Lizotte wins face-off versus Nathan MacKinnon in Blackhawks zone.
12:52 of 2nd period - Wrist shot by Nathan MacKinnon.
12:52 of 2nd period - Shot Blocked by Erik Gustafsson.
13:02 of 2nd period - Miles Wood is hit by Pat Maroon and loses puck.
13:29 of 2nd period - Brett Pesce is hit by Cal Foote and loses puck.
13:56 of 2nd period - Minor Penalty to Cal Foote for Tripping.
13:57 of 2nd period - Andrew Cogliano wins face-off versus Nathan MacKinnon in Predators zone.
14:14 of 2nd period - Slapshot by Brett Pesce.
14:14 of 2nd period - Stopped by Semyon Varlamov with a rebound.
15:08 of 2nd period - Nathan MacKinnon is hit by Nicolas Hague and loses puck.
15:56 of 2nd period - Penalty to Cal Foote is over, Cal Foote is back on ice.
16:12 of 2nd period - John Marino is hit by Marc-Edouard Vlasic.
16:20 of 2nd period - Corey Perry is hit by Klim Kostin and loses puck.
16:29 of 2nd period - Trevor Zegras is hit by Klim Kostin.
16:48 of 2nd period - Off-side.
16:49 of 2nd period - Ty Dellandrea wins face-off versus Nathan MacKinnon in neutral zone.
17:19 of 2nd period - Timothy Liljegren is hit by Nicolas Deslauriers and loses puck.
17:44 of 2nd period - Backhand shot by Ivan Barbashev.
17:44 of 2nd period - Stopped by Semyon Varlamov without a rebound.
17:45 of 2nd period - Nathan MacKinnon wins face-off versus Mason McTavish in Predators zone.
17:56 of 2nd period - Slapshot by Nathan MacKinnon.
17:56 of 2nd period - Deflect By Nikita Kucherov.
17:56 of 2nd period - Stopped by Semyon Varlamov with a rebound.
18:20 of 2nd period - Snap shot by Blake Lizotte.
18:20 of 2nd period - Shot Misses the Net.
18:48 of 2nd period - Minor Penalty to Keegan Kolesar for Tripping.
18:49 of 2nd period - Nathan MacKinnon wins face-off versus Luke Glendening in Predators zone.
18:53 of 2nd period - Snap shot by Nikita Kucherov.
18:53 of 2nd period - Stopped by Semyon Varlamov with a rebound.
18:55 of 2nd period - Wrist shot by Nathan MacKinnon.
18:55 of 2nd period - Stopped by Semyon Varlamov with a rebound.
18:57 of 2nd period - Wrist shot by Nikita Kucherov.
18:57 of 2nd period - Shot Blocked by Timothy Liljegren.
19:19 of 2nd period - Slapshot by Noah Hanifin.
19:19 of 2nd period - Shot Misses the Net.
19:21 of 2nd period - Wrist shot by Ivan Barbashev.
19:21 of 2nd period - Shot Blocked by Luke Glendening.
19:23 of 2nd period - Snap shot by Ivan Barbashev.
19:23 of 2nd period - Deflect By Luke Glendening.
19:23 of 2nd period - Shot Blocked by Andrew Cogliano.
19:23 of 2nd period - Puck is out of play.
19:24 of 2nd period - Luke Glendening wins face-off versus Nathan MacKinnon in Predators zone.
Goals for this period are 0 for Blackhawks vs 1 for Predators.
Shots for this period are 11 for Blackhawks vs 5 for Predators.

3rd period


0:01 of 3rd period - Luke Glendening wins face-off versus Nathan MacKinnon in neutral zone.
0:48 of 3rd period - Penalty to Keegan Kolesar is over, Keegan Kolesar is back on ice.
1:47 of 3rd period - Icing by Pat Maroon.
1:48 of 3rd period - Ty Dellandrea wins face-off versus Nikita Kucherov in Predators zone.
1:53 of 3rd period - Nikita Kucherov is hit by Jesper Boqvist and loses puck.
2:16 of 3rd period - Wrist shot by Ty Dellandrea.
2:16 of 3rd period - Shot Misses the Net.
2:18 of 3rd period - Snap shot by Pat Maroon.
2:18 of 3rd period - Stopped by Jacob Markstrom with a rebound.
2:48 of 3rd period - Backhand shot by Nicolas Hague.
2:48 of 3rd period - Shot Misses the Net.
2:50 of 3rd period - Slapshot by Pat Maroon.
2:50 of 3rd period - Stopped by Jacob Markstrom with a rebound.
2:52 of 3rd period - Slapshot by Nicolas Hague.
2:52 of 3rd period - Shot Blocked by Noah Hanifin.
2:54 of 3rd period - Slapshot by Timothy Liljegren.
2:54 of 3rd period - Deflect By Jesper Boqvist.
2:54 of 3rd period - Shot Misses the Net.
2:54 of 3rd period - Puck is out of play.
2:55 of 3rd period - Jack Eichel wins face-off versus Blake Lizotte in Blackhawks zone.
2:55 of 3rd period - Jack Eichel is hit by Blake Lizotte.
3:01 of 3rd period - Snap shot by Phil Kessel.
3:01 of 3rd period - Stopped by Jacob Markstrom with a rebound.
3:03 of 3rd period - Wrist shot by Phil Kessel.
3:03 of 3rd period - Deflect By Alex Tuch.
3:03 of 3rd period - Shot Misses the Net.
3:03 of 3rd period - Puck is out of play.
3:04 of 3rd period - Blake Lizotte wins face-off versus Jack Eichel in Blackhawks zone.
3:07 of 3rd period - Snap shot by Blake Lizotte.
3:07 of 3rd period - Goal by Blake Lizotte - Blackhawks : 1 - Predators : 2.
3:08 of 3rd period - Blake Lizotte wins face-off versus Nathan MacKinnon in neutral zone.
3:15 of 3rd period - Phil Kessel is hit by Nikita Kucherov.
3:20 of 3rd period - Off-side.
3:21 of 3rd period - Corey Perry wins face-off versus Nathan MacKinnon in neutral zone.
4:32 of 3rd period - Ty Dellandrea is hit by Nikita Kucherov and loses puck.
4:37 of 3rd period - Wrist shot by Valeri Nichushkin.
4:37 of 3rd period - Shot Blocked by Ty Dellandrea.
4:39 of 3rd period - Wrist shot by Valeri Nichushkin.
4:39 of 3rd period - Stopped by Semyon Varlamov with a rebound.
4:41 of 3rd period - Wrist shot by Erik Cernak.
4:41 of 3rd period - Shot Blocked by Erik Gustafsson.
4:43 of 3rd period - Snap shot by Valeri Nichushkin.
4:43 of 3rd period - Shot Misses the Net.
5:41 of 3rd period - Wrist shot by Keegan Kolesar.
5:41 of 3rd period - Stopped by Jacob Markstrom with a rebound.
5:43 of 3rd period - Wrist shot by Adam Erne.
5:43 of 3rd period - Shot Misses the Net.
5:45 of 3rd period - Slapshot by Marc-Edouard Vlasic.
5:45 of 3rd period - Shot Blocked by Carson Soucy.
5:47 of 3rd period - Slapshot by Erik Gustafsson.
5:47 of 3rd period - Shot Misses the Net.
5:49 of 3rd period - Snap shot by Adam Erne.
5:49 of 3rd period - Stopped by Jacob Markstrom without a rebound.
5:50 of 3rd period - Trevor Zegras wins face-off versus Jack Eichel in Blackhawks zone.
5:58 of 3rd period - Wrist shot by Alex Tuch.
5:58 of 3rd period - Shot Blocked by Timothy Liljegren.
6:00 of 3rd period - Wrist shot by Alex Tuch.
6:00 of 3rd period - Shot Misses the Net.
6:02 of 3rd period - Snap shot by Ivan Barbashev.
6:02 of 3rd period - Stopped by Semyon Varlamov without a rebound.
6:03 of 3rd period - Nathan MacKinnon wins face-off versus Mason McTavish in Predators zone.
6:03 of 3rd period - Nathan MacKinnon is hit by Timothy Liljegren.
6:15 of 3rd period - Snap shot by Trevor Zegras.
6:15 of 3rd period - Deflect By Corey Perry.
6:15 of 3rd period - Stopped by Jacob Markstrom without a rebound.
6:16 of 3rd period - Andrew Cogliano wins face-off versus Jack Eichel in Blackhawks zone.
6:21 of 3rd period - Wrist shot by Blake Lizotte.
6:21 of 3rd period - Stopped by Jacob Markstrom without a rebound.
6:22 of 3rd period - Jack Eichel wins face-off versus Blake Lizotte in Blackhawks zone.
6:27 of 3rd period - Snap shot by Ivan Barbashev.
6:27 of 3rd period - Shot Misses the Net.
6:29 of 3rd period - Wrist shot by Jack Eichel.
6:29 of 3rd period - Stopped by Semyon Varlamov without a rebound.
6:30 of 3rd period - Nathan MacKinnon wins face-off versus Trevor Zegras in Predators zone.
6:33 of 3rd period - Snap shot by Nathan MacKinnon.
6:33 of 3rd period - Shot Blocked by Timothy Liljegren.
6:35 of 3rd period - Wrist shot by Valeri Nichushkin.
6:35 of 3rd period - Stopped by Semyon Varlamov without a rebound.
6:36 of 3rd period - Trevor Zegras wins face-off versus Nathan MacKinnon in Predators zone.
6:36 of 3rd period - Trevor Zegras is hit by Erik Cernak.
7:11 of 3rd period - Snap shot by Phil Kessel.
7:11 of 3rd period - Stopped by Jacob Markstrom with a rebound.
7:13 of 3rd period - Snap shot by Timothy Liljegren.
7:13 of 3rd period - Stopped by Jacob Markstrom with a rebound.
7:15 of 3rd period - Wrist shot by Phil Kessel.
7:15 of 3rd period - Shot Misses the Net.
7:31 of 3rd period - Snap shot by John Marino.
7:31 of 3rd period - Shot Misses the Net.
7:33 of 3rd period - Slapshot by John Marino.
7:33 of 3rd period - Deflect By Gabriel Vilardi.
7:33 of 3rd period - Shot Misses the Net.
7:33 of 3rd period - Puck is out of play.
7:34 of 3rd period - Nathan MacKinnon wins face-off versus Trevor Zegras in Predators zone.
7:51 of 3rd period - Snap shot by Nathan MacKinnon.
7:51 of 3rd period - Stopped by Semyon Varlamov with a rebound.
8:30 of 3rd period - Slapshot by Erik Gustafsson.
8:30 of 3rd period - Shot Misses the Net.
8:50 of 3rd period - Wrist shot by Corey Perry.
8:50 of 3rd period - Stopped by Jacob Markstrom with a rebound.
8:52 of 3rd period - Slapshot by Trevor Zegras.
8:52 of 3rd period - Goal by Trevor Zegras - Blackhawks : 1 - Predators : 3.
8:53 of 3rd period - Jack Eichel wins face-off versus Blake Lizotte in neutral zone.
9:04 of 3rd period - Snap shot by Jack Eichel.
9:04 of 3rd period - Shot Blocked by Blake Lizotte.
9:10 of 3rd period - Snap shot by Alex Tuch.
9:10 of 3rd period - Stopped by Semyon Varlamov without a rebound.
9:11 of 3rd period - Gabriel Vilardi wins face-off versus Luke Glendening in Predators zone.
9:38 of 3rd period - Ivan Barbashev is hit by Blake Lizotte and loses puck.
9:45 of 3rd period - Snap shot by Phil Kessel.
9:45 of 3rd period - Stopped by Jacob Markstrom without a rebound.
9:46 of 3rd period - Blake Lizotte wins face-off versus Jack Eichel in Blackhawks zone.
9:47 of 3rd period - Wrist shot by Phil Kessel.
9:47 of 3rd period - Shot Misses the Net.
10:23 of 3rd period - Snap shot by Nathan MacKinnon.
10:23 of 3rd period - Stopped by Semyon Varlamov without a rebound.
10:24 of 3rd period - Jack Eichel wins face-off versus Adam Erne in Predators zone.
11:23 of 3rd period - Wrist shot by Tanner Jeannot.
11:23 of 3rd period - Stopped by Semyon Varlamov without a rebound.
11:24 of 3rd period - Blake Lizotte wins face-off versus Jack Eichel in Predators zone.
11:59 of 3rd period - Mason McTavish is hit by Nikita Kucherov and loses puck.
12:11 of 3rd period - Noah Hanifin is hit by Timothy Liljegren and loses puck.
12:14 of 3rd period - Wrist shot by Tanner Jeannot.
12:14 of 3rd period - Stopped by Semyon Varlamov without a rebound.
12:15 of 3rd period - Luke Glendening wins face-off versus Gabriel Vilardi in Predators zone.
12:26 of 3rd period - Wrist shot by Tanner Jeannot.
12:26 of 3rd period - Stopped by Semyon Varlamov without a rebound.
12:27 of 3rd period - Jack Eichel wins face-off versus Blake Lizotte in Predators zone.
12:32 of 3rd period - Snap shot by Ivan Barbashev.
12:32 of 3rd period - Stopped by Semyon Varlamov without a rebound.
12:33 of 3rd period - Blake Lizotte wins face-off versus Jack Eichel in Predators zone.
12:44 of 3rd period - Jack Eichel is hit by Phil Kessel.
13:24 of 3rd period - Snap shot by Trevor Zegras.
13:24 of 3rd period - Stopped by Jacob Markstrom without a rebound.
13:25 of 3rd period - Trevor Zegras wins face-off versus Nathan MacKinnon in Blackhawks zone.
13:26 of 3rd period - Snap shot by Corey Perry.
13:26 of 3rd period - Shot Misses the Net.
14:02 of 3rd period - Wrist shot by Nicolas Deslauriers.
14:02 of 3rd period - Shot Misses the Net.
15:18 of 3rd period - Slapshot by Blake Lizotte.
15:18 of 3rd period - Stopped by Jacob Markstrom without a rebound.
15:19 of 3rd period - Gabriel Vilardi wins face-off versus Phil Kessel in Blackhawks zone.
15:24 of 3rd period - Blake Lizotte is hit by Tanner Jeannot and loses puck.
15:48 of 3rd period - Icing by Tanner Jeannot.
15:49 of 3rd period - Luke Glendening wins face-off versus Gabriel Vilardi in Blackhawks zone.
15:54 of 3rd period - Slapshot by Adam Erne.
15:54 of 3rd period - Deflect By Luke Glendening.
15:54 of 3rd period - Stopped by Jacob Markstrom without a rebound.
15:55 of 3rd period - Nathan MacKinnon wins face-off versus Keegan Kolesar in Blackhawks zone.
16:16 of 3rd period - Off-side.
16:17 of 3rd period - Trevor Zegras wins face-off versus Gabriel Vilardi in neutral zone.
16:47 of 3rd period - Wrist shot by Nikita Kucherov.
16:47 of 3rd period - Shot Blocked by Luke Glendening.
17:24 of 3rd period - Alex Tuch is hit by Adam Boqvist and loses puck.
17:47 of 3rd period - Slapshot by Blake Lizotte.
17:47 of 3rd period - Shot Blocked by Alex Tuch.
17:49 of 3rd period - Slapshot by Phil Kessel.
17:49 of 3rd period - Stopped by Jacob Markstrom without a rebound.
17:50 of 3rd period - Gabriel Vilardi wins face-off versus Luke Glendening in Blackhawks zone.
18:06 of 3rd period - Wrist shot by Adam Erne.
18:06 of 3rd period - Stopped by Jacob Markstrom with a rebound.
18:22 of 3rd period - Erik Gustafsson is hit by Brett Pesce and loses puck.
Goals for this period are 0 for Blackhawks vs 2 for Predators.
Shots for this period are 11 for Blackhawks vs 18 for Predators.